 Dungeon Crawl Stone Soup version 0.29.1-13-g9f3cf754e1 (webtiles) character file.

Game seed: 2343704727439684813

88 Thatpatchoflichen the Trooper (level 4, -3/37 HPs)
             Began as a Mummy Fighter on Jan 19, 2023.
             Slain by an orc
             ... wielding a +2 dagger of venom
              (4 damage)
             ... on level 3 of the Dungeon.
             The game lasted 00:05:47 (2665 turns).

Thatpatchoflichen the Trooper (Mummy Fighter)       Turns: 2665, Time: 00:05:48

Health: -3/37      AC:  7    Str: 21    XL:     4   Next: 30%
Magic:  4/4        EV:  9    Int:  7    God:
Gold:   143        SH:  4    Dex: 11    Spells: 3/3 levels left

rFire   x . .      SeeInvis .     - Unarmed
rCold   + . .      Faith    .   b - +0 buckler
rNeg    + + +      Spirit   .   a - +0 scale mail
rPois   ∞          Reflect  .   (no helmet)
rElec   .          Harm     +   c - scarf {harm}
rCorr   .          Rampage  .   (no gloves)
Will    .....                   h - +0 pair of boots
Stlth   ..........              (no amulet)
HPRegen 0.12/turn               (no ring)
MPRegen 0.09/turn               (no ring)

@: no status effects
A: cold resistance 1, negative energy resistance 3, torment resistance 2, heat
vulnerability 1, in touch with death 1, no potions
a: no special abilities


You were on level 3 of the Dungeon.
You visited 1 branch of the dungeon, and saw 3 of its levels.

You collected 143 gold pieces.

Inventory:

Armour
 a - a +0 scale mail (worn)
 b - a +0 buckler (worn)
 c - a scarf of harm (worn)
 g - a +0 chain mail
 h - a +0 pair of boots (worn)
Scrolls
 d - a scroll of magic mapping {unknown}
 e - a scroll of enchant weapon {unknown}
 f - a scroll of identify {unknown}
 i - a scroll of vulnerability {unknown}
 j - a scroll of teleportation {unknown}


   Skills:
 + Level 3.8 Fighting
 + Level 3.1 Armour
 + Level 3.1 Shields
 - Level 1.7 Unarmed Combat


You had 3 spell levels left.
You didn't know any spells.
Your spell library contained the following spells:

 Spells                   Type           Power      Damage    Failure   Level
 Magic Dart               Conj           0%         1d3       86%         1
 Call Imp                 Summ           0%         N/A       94%         2
 Mephitic Cloud           Conj/Pois/Air  0%         N/A       99%         3


Dungeon Overview and Level Annotations

Branches:
Dungeon (3/15)

Altars:


Innate Abilities, Weirdness & Mutations

You are immune to poison.
Your flesh is cold resistant. (rC+)
You are immune to negative energy. (rN+++)
You are immune to unholy pain and torment.
You are vulnerable to heat. (rF-)
You are in touch with the powers of death.
You do not drink.


Message History

* * * LOW HITPOINT WARNING * * *
The orc hits you with a +2 dagger of venom.
* * * LOW HITPOINT WARNING * * *
You hit the orc.
The orc is lightly wounded.
The orc hits you from afar with a +0 trident.
* * * LOW HITPOINT WARNING * * *
The orc barely misses you.
You closely miss the orc.
The orc is lightly wounded.
The orc hits you but does no damage. The orc closely misses you.
You barely miss the orc.
The orc is lightly wounded.
The orc barely misses you. The orc hits you but does no damage.
You hit the orc but do no damage.
The orc is lightly wounded.
The orc hits you but does no damage. The orc closely misses you.
You hit the orc.
The orc is moderately wounded.
The orc barely misses you. You block the orc's attack.
You barely miss the orc.
The orc is moderately wounded.
The orc closely misses you. You block the orc's attack.
You hit the orc but do no damage.
The orc is moderately wounded.
The orc closely misses you.
The orc hits you with a +2 dagger of venom.
* * * LOW HITPOINT WARNING * * *
You hit the orc.
The orc is heavily wounded.
The orc barely misses you.
The orc hits you from afar with a +0 trident.
* * * LOW HITPOINT WARNING * * *
You hit the orc.
The orc is severely wounded.
The orc hits you but does no damage. The orc barely misses you.
You hit the orc.
The orc is almost dead.
The orc hits you with a +2 dagger of venom.
You die...

..........#.#########'##....
......#.#'#...# #.##....
..............# #.##....
.#............## #.......
#............#.########....
....###o..#.............
.... #o###.#.....##.... ...
#o# #.....'..... .. #@#
#.....##.### #..# #.....##.#
#.....####.....#
#.##.....#..#### #.#
#.##.>..# ..# .###.#.# ### #
#.#†# #.#.# #.#.#


You could see 3 orcs.

Vanquished Creatures
  3 adders
  A white imp (D:3)
  2 dart slugs (D:1)
  An orc (D:3)
  4 ball pythons
  2 endoplasms
  2 giant cockroaches (D:2)
  5 hobgoblins
  8 kobolds
  4 quokkas
  6 bats
  A frilled lizard (D:1)
  5 goblins
  5 rats
49 creatures vanquished.

Vanquished Creatures (others)
  12 plants (D:1)
12 creatures vanquished.

Grand Total: 61 creatures vanquished

Notes
Turn   | Place    | Note
-------+----------+-------------------------------------------
     0 | D:1      | Thatpatchoflichen the Mummy Fighter began the quest for the
                  | Orb.
     0 | D:1      | Reached XP level 1. HP: 18/18 MP: 1/1
    28 | D:1      | You fall into a shaft and drop 1 floor!
    42 | D:1      | Found a faded altar of an unknown god.
   328 | D:1      | Reached XP level 2. HP: 23/24 MP: 2/2
  1274 | D:2      | Gained mutation: You are in touch with the powers of death.
                  | [Mummy growth]
  1274 | D:2      | Reached XP level 3. HP: 24/29 MP: 3/3
  2236 | D:3      | Reached XP level 4. HP: 28/37 MP: 4/4
  2663 | D:3      | HP: 1/37 [orc/+0 trident (2)]
  2665 | D:3      | Slain by an orc

Illustrated notes

Levels and vault maps discovered:
D:1:      roderic_crop_circles_arrival_small, layout_basic,
          hellmonk_ecumenical_altar_lost_god
D:2:      minmay_wonky_spiral, layout_loops_ring, grunt_ministairs_3
D:3:      layout_basic, serial_bayou_pond_c, chequers_serial_rivers_micro_e,
          minmay_tree_intersection, nrook_mini_backslash

Skill      XL: |  1  2  3 |
---------------+----------+-----
Armour         | 3 |  3.1
Shields        | 3 |  3.1
Fighting       | |  3.8
Unarmed Combat | |  1.7

Action                   |  1- 3 |  4- 6 || total
-------------------------+-------+-------++-------
Melee: Unarmed           |   227 |    64 ||   291
Armor: Scale mail        |   134 |    20 ||   154
Dodge: Dodged            |   133 |    37 ||   170
Block: Buckler           |    56 |    19 ||    75
